 Dungeon Crawl Stone Soup version 0.26-a0-639-g72c4674329 (webtiles) character file.

Game seed: 17280490174977599531

10 Flugslaktarn the Skirmisher (level 2, 0/27 HPs)
             Began as a Minotaur Fighter on Sept 19, 2020.
             Killed by nerve-wracking pain
             ... invoked by Jessica
              (7 damage)
             ... on level 2 of the Dungeon.
             The game lasted 00:00:13 (210 turns).

Flugslaktarn the Skirmisher (Minotaur Fighter)       Turns: 210, Time: 00:00:13

Health: 0/27       AC:  7    Str: 20    XL:     2   Next: 10%
Magic:  1/1        EV:  7    Int:  5    God:
Gold:   0          SH:  9    Dex:  9    Spells: 1/1 levels left

rFire    . . .     SeeInvis .   a - +0 war axe
rCold    . . .     Faith    .   c - +0 kite shield
rNeg     . . .     Spirit   .   b - +0 scale mail
rPois    .         Reflect  .   (helmet restricted)
rElec    .         Harm     .   (no cloak)
rCorr    .         Rampage  .   (no gloves)
MR       .....                  (no boots)
Stlth    ..........             (no amulet)
HPRegen  0.09/turn              (no ring)
MPRegen  0.07/turn              (no ring)

@: mighty, lethally poisoned (0 -> -6)
A: retaliatory headbutt, horns 2
a: no special abilities


You were on level 2 of the Dungeon.
You visited 1 branch of the dungeon, and saw 2 of its levels.

Inventory:

Hand Weapons
 a - a +0 war axe (weapon)
Armour
 b - a +0 scale mail (worn)
 c - a +0 kite shield (worn)
Scrolls
 f - 3 scrolls of fear {unknown}
Potions
 e - a potion of mutation {unknown}
 g - a potion of heal wounds {unknown}
 h - a potion of stabbing {unknown}
 i - a potion of haste {unknown}
 j - a potion of resistance {unknown}


   Skills:
 * Level 3.9 Fighting
 * Level 2.8 Axes
 + Level 3.7 Armour
 + Level 3.7 Shields


You had one spell level left.
You didn't know any spells.
Your spell library was empty.

Dungeon Overview and Level Annotations

Branches:
Dungeon (2/15)

Altars:

Annotations:
D:2 Jessica


Innate Abilities, Weirdness & Mutations

You reflexively headbutt those who attack you in melee.
You have a pair of horns on your head.


Message History

You are too injured to fight recklessly!
You are too injured to fight recklessly!
You are too injured to fight recklessly!
Unknown command.
You closely miss the adder.
The adder is heavily wounded.
You closely miss Jessica.
* * * LOW HITPOINT WARNING * * *
You feel sick.
The ball python hisses angrily.
You block the adder's attack. Jessica hits you but does no damage.
The adder bites you but does no damage. Jessica casts a spell at you.
You resist with some effort.
You feel very mighty all of a sudden.
* * * LOW HITPOINT WARNING * * *
You feel sick. You block the adder's attack. Jessica casts a spell at you.
Pain shoots through your body!
You die...

. .(#####
##.##.<...##
...#.......#
...........###
.............
...........#
>.....)....#
......S@...#
..(...@†<..#
..........##
.(.#.....S# .#
######.. #..
.## .# ##


You could see an adder, Jessica and a ball python.

Vanquished Creatures
  A bat (D:1)
  A giant cockroach (D:1)
  3 goblins (D:1)
  A hobgoblin (D:2)
  2 frilled lizards
  A kobold (D:2)
9 creatures vanquished.

Notes
Turn   | Place    | Note
-------+----------+-------------------------------------------
     0 | D:1      | Flugslaktarn the Minotaur Fighter began the quest for the
                  | Orb.
     0 | D:1      | Reached XP level 1. HP: 19/19 MP: 0/0
   199 | D:2      | Noticed Jessica
   200 | D:2      | Reached XP level 2. HP: 27/27 MP: 1/1
   210 | D:2      | Killed from afar by Jessica

Illustrated notes

Levels and vault maps discovered:
D:1:      erik_arrival_orb_chamber, layout_basic
D:2:      layout_rooms, uniq_jessica

Action                   || total
-------------------------++-------
Melee: War axe           ||    21
       Headbutt          ||     1
  Use: Potion            ||     1
Armor: Scale mail        ||    14
Dodge: Dodged            ||     5
Block: Kite shield       ||    16

Table legend: (Time is in decaauts)
 A = Elapsed time spent in this place.
 B = Non-inter-level travel time spent in this place.
 C = Inter-level travel time spent in this place.
 D = Time resting spent in this place.
 E = Time spent auto-exploring this place.
 F = Levels seen in this place.
 G = Mean time per level.
                   A        B        C        D        E       F      G
               +--------+--------+--------+--------+--------+-----+--------+
         Total |    219 |    215 |      4 |      0 |    161 |   2 |  109.5 |
       Dungeon |    219 |    215 |      4 |      0 |    161 |   2 |  109.5 |
               +--------+--------+--------+--------+--------+-----+--------+

Top non-repeatable levels by time:
     D:1: 203 daAuts
     D:2: 16 daAuts
